 Dungeon Crawl Stone Soup version 0.18-a0-1542-g9c1a92e (console) character file.

177 Liam the Conjurer (level 5, -1/28 HPs)
             Began as a Deep Elf Conjurer on Mar 10, 2016.
             Slain by Purgy (2 damage)
             ... on level 3 of the Dungeon.
             The game lasted 00:05:00 (3139 turns).

Liam the Conjurer (Deep Elf Conjurer)               Turns: 3139, Time: 00:05:00

Health: -1/28      AC:  2    Str:  5    XL:     5   Next: 30%
Magic:  9/14       EV: 13    Int: 21    God:
Gold:   106        SH:  0    Dex: 15    Spells: 3 memorised, 4 levels left

rFire  . . .     SeeInvis .     (no weapon)
rCold  . . .     Gourm    .     a - +0 robe
rNeg   . . .     Faith    .     (no shield)
rPois  .         Spirit   .     (no helmet)
rElec  .         Dismiss  .     (no cloak)
rCorr  .         Reflect  .     (no gloves)
SustAt .         Harm     .     (no boots)
MR     .....                    (no amulet)
Stlth  ++........               (no ring)
                                (no ring)

@: not resistant to hostile enchantments, unstealthy
A: no striking features
a: no special abilities


You were on level 3 of the Dungeon.
You were not hungry.

You visited 1 branch of the dungeon, and saw 4 of its levels.

You collected 106 gold pieces.

Inventory:

Armour
 a - a +0 robe (worn)
Jewellery
 k - an uncursed ring of protection from magic {unknown}
 l - an uncursed amulet of rage {unknown}
Scrolls
 e - a scroll of enchant weapon {unknown}
 f - a scroll of immolation {unknown}
 h - 5 scrolls of remove curse {unknown}
 m - a scroll of identify {unknown}
 n - a scroll of fog {unknown}
 q - a scroll of amnesia {unknown}
 s - a scroll of fear {unknown}
Potions
 c - 2 potions of haste {unknown}
 g - a potion of flight {unknown}
 i - a potion of heal wounds {unknown}
 j - 2 potions of degeneration {unknown}
 o - a potion of resistance {unknown}
 p - a potion of cure mutation {unknown}
 r - a potion of brilliance {unknown}
Books
 b - a book of Conjurations

   Spells                             Type                      Level
   a - Magic Dart                     Conjuration                  1
   b - Searing Ray                    Conjuration                  2
   c - Dazzling Spray                 Conjuration/Hexes            3
   d - Fulminant Prism                Conjuration/Hexes            4
   e - Iskenderun's Mystic Blast      Conjuration                  4
   f - Iskenderun's Battlesphere      Conjuration/Charms           5
Comestibles
 d - 4 meat rations


   Skills:
 - Level 2.4 Dodging
 - Level 2.4 Stealth
 + Level 5.4 Spellcasting
 + Level 6.2 Conjurations


You had 4 spell levels left.
You knew the following spells:

 Your Spells              Type           Power        Failure   Level  Hunger
a - Magic Dart            Conj           ####         1%          1    None
p - Iskenderun's Battles  Conj/Chrm      ###.....     87%         5    #####..
x - Iskenderun's Mystic   Conj           ####....     10%         4    ####...


Dungeon Overview and Level Annotations

Branches:
Dungeon (4/15)
 Temple: D:4-7

Altars:

Annotations:
D:3 Eustachio; Purgy; Vahdor's ghost, amateur DrAK


Message History

Eustachio mumbles some strange words.
Eustachio blinks!
Casting: Magic Dart
Confirm with . or Enter, or press ? or * to list all spells.
Aiming: Magic Dart
Press: ? - help, Shift-Dir - straight line, f/p - Eustachio
Aim: Eustachio, wielding a rapier and wearing a leather armour (moderately wounded)
The magic dart hits the white imp.
The white imp is moderately wounded.
The orc hits you with a short sword.
* * * LOW HITPOINT WARNING * * *
The white imp barely misses you. Eustachio hits you but does no damage.
The orc hits you with a short sword.
* * * LOW HITPOINT WARNING * * *
You climb upwards.
Level annotation: Purgy; Vahdor's ghost, amateur DrAK Purgy bites you.
* * * LOW HITPOINT WARNING * * *
Purgy claws you.
You die...

#.##.#####.+.....'.....'...
# #.#####.#.....#######...
#.............##### #...
#######.#.####....# ####
#......'....# #.######....#
#o# #....#
#T######....######
#@@....'....'....#
########....####.#
........#+## #..
#.........# ##. #.#####...#
#. ##.#####...# ##
#......)...# # #..####.##.#
# #..# #.##.#


You could see Eustachio, Purgy and an orc.

Vanquished Creatures
  Terence (D:3)
  6 adders
  3 oozes
  6 worms
  4 dart slugs
  5 giant geckos
  An orc (D:3)
  2 ball pythons (D:3)
  5 bats
  6 giant cockroaches
  3 goblins
  4 hobgoblins
  3 giant newts
  9 kobolds
  3 rats (D:2)
61 creatures vanquished.

Notes
Turn   | Place    | Note
--------------------------------------------------------------
     0 | D:1      | Liam the Deep Elf Conjurer began the quest for the Orb.
     0 | D:1      | Reached XP level 1. HP: 10/10 MP: 6/6
   176 | D:1      | Reached XP level 2. HP: 15/15 MP: 5/8
   521 | D:1      | Reached skill level 5 in Conjurations
   785 | D:2      | Reached XP level 3. HP: 19/19 MP: 7/10
  1129 | D:2      | Reached XP level 4. HP: 24/24 MP: 4/12
  1798 | D:3      | Learned a level 4 spell: Iskenderun's Mystic Blast
  1830 | D:3      | Reached skill level 5 in Spellcasting
  1855 | D:3      | Reached XP level 5. HP: 28/28 MP: 6/14
  1876 | D:3      | Reached skill level 6 in Conjurations
  2021 | D:3      | Noticed Terence
  2033 | D:3      | Killed Terence
  2502 | D:3      | Noticed Vahdor's ghost (amateur DrAK)
  2893 | D:3      | Noticed Purgy
  2907 | D:2      | Learned a level 5 spell: Iskenderun's Battlesphere
  3132 | D:4      | Noticed Eustachio
  3139 | D:3      | HP: 1/28 [Purgy (3)]
  3139 | D:3      | Slain by Purgy

Vault maps used:
D:1:      scummos_arrival_checkerplants
D:3:      uniq_terence, uniq_purgy
D:4:      minmay_door_square, uniq_eustachio, uniq_edmund

Skill      XL: |  1  2  3  4  5 |
---------------+----------------+-----
Conjurations   | 5 6 |  6.2
Spellcasting   | 4 5 |  5.4
Dodging        | |  2.4
Stealth        | |  2.4

Action                   |  1- 3 |  4- 6 || total
-------------------------+-------+-------++-------
 Cast: Magic Dart        |    70 |    87 ||   157
       Iskenderun's Myst |       |     5 ||     5
  Eat: Chunk             |       |     3 ||     3
       Bread ration      |       |     1 ||     1
